 Dungeon Crawl Stone Soup version 0.18.1-6-gd335043 (webtiles) character file.

212 Ibvxer the Insei (level 5, -2/41 HPs)
             Began as a Demonspawn Monk on May 18, 2016.
             Slain by Utsuho's ghost (13 damage)
             ... on level 4 of the Dungeon.
             The game lasted 00:08:55 (3005 turns).

Ibvxer the Insei (Demonspawn Monk)                  Turns: 3005, Time: 00:08:56

Health: -2/41      AC:  6    Str: 11    XL:     5   Next: 58%
Magic:  5/5        EV: 13    Int: 11    God:
Gold:   116        SH:  0    Dex: 17    Spells: 0 memorised, 4 levels left

rFire  . . .     SeeInvis .       - Unarmed
rCold  . . .     Gourm    .     w - +0 ring mail
rNeg   . . .     Faith    .     (no shield)
rPois  .         Spirit   .     (no helmet)
rElec  .         Dismiss  .     (no cloak)
rCorr  .         Reflect  .     x - +0 pair of gloves
SustAt .         Harm     .     (no boots)
MR     .....                    (no amulet)
Stlth  +.........               j - +1 ring of evasion
                                f - ring of wizardry

@: not resistant to hostile enchantments, very unstealthy
A: sturdy frame 2
a: no special abilities


You were on level 4 of the Dungeon.
You were not hungry.

You visited 1 branch of the dungeon, and saw 4 of its levels.

You collected 116 gold pieces.

Inventory:

Armour
 a - a +0 robe
 w - a +0 ring mail (worn)
 x - a +0 pair of gloves (worn)
Jewellery
 f - a ring of wizardry (left hand)
 j - a +1 ring of evasion (right hand)
Wands
 z - a wand of iceblast (5/15)
Scrolls
 c - a scroll of fear {unknown}
 h - 2 scrolls of recharging {unknown}
 i - a scroll of magic mapping {unknown}
 l - a scroll of identify
 m - 2 scrolls of remove curse {unknown}
 p - a scroll of random uselessness {unknown}
 s - a scroll of amnesia {unknown}
 u - a scroll of blinking {unknown}
 y - a scroll of immolation {unknown}
Potions
 d - a potion of flight
 e - 2 potions of heal wounds {unknown}
 g - a potion of curing
 k - a potion of might
 n - 2 potions of agility {unknown}
 o - 2 potions of ambrosia {unknown}
 q - a potion of brilliance {unknown}
 r - a potion of degeneration {unknown}
 t - a potion of berserk rage {unknown}
 v - a potion of haste {unknown}
Comestibles
 b - 4 bread rations
 A - a chunk of flesh
 B - a meat ration


   Skills:
 - Level 3.0 Fighting
 - Level 2.6 Dodging
 - Level 1.7 Stealth
 + Level 6.3 Unarmed Combat


You had 4 spell levels left.
You didn't know any spells.

Dungeon Overview and Level Annotations

Branches:
Dungeon (4/15)
 Temple: D:4-7

Altars:
Elyvilon
Qazlal
Trog
Vehumet
The Shining One

Annotations:
D:4 Utsuho's ghost, amateur TrSu


Innate Abilities, Weirdness & Mutations

Your movements are less encumbered by armour (ER -4).


Message History

You barely miss Utsuho's ghost.
Utsuho's ghost is severely damaged.
Utsuho's ghost hits you.
You hit Utsuho's ghost but do no damage.
Utsuho's ghost is severely damaged.
The quokka bites you.
* * * LOW HITPOINT WARNING * * *
Utsuho's ghost gestures wildly while chanting.
The quokka bites you but does no damage.
You barely miss Utsuho's ghost.
Utsuho's ghost is severely damaged.
Utsuho's ghost says, "You're as good as gold."
Utsuho's ghost hits you.
* * * LOW HITPOINT WARNING * * *
The quokka bites you.
* * * LOW HITPOINT WARNING * * *
You feel better.
The quokka bites you but does no damage.
Utsuho's ghost hits you!
You die...

oo......###
##.##...#####
#............
##..#.#.#####
##.###....
#rb.# ...W..
#5#..##.##.hr
#W#..# .. $..
#@#..# ### #.
#r#...
#.#..#.
#...###.
##.## #. #. .
..


You could see Utsuho's ghost, a white imp, 2 quokkas and a bat.

Vanquished Creatures
  An ogre (D:4)
  A hound (D:3)
  A hound skeleton (D:4)
  An adder (D:2)
  3 worms
  2 dart slugs
  10 bats
  6 giant cockroaches
  12 goblins
  6 hobgoblins
  A jackal (D:4)
  10 kobolds
  A quokka (D:2)
  2 giant newts
  4 rats
61 creatures vanquished.

Notes
Turn   | Place    | Note
--------------------------------------------------------------
     0 | D:1      | Ibvxer the Demonspawn Monk began the quest for the Orb.
     0 | D:1      | Reached XP level 1. HP: 18/18 MP: 1/1
   167 | D:1      | Reached skill level 4 in Unarmed Combat
   168 | D:1      | Gained mutation: Your movements are slightly less encumbered by armour (ER -2). [demonic ancestry]
   168 | D:1      | Reached XP level 2. HP: 9/24 MP: 2/2
   629 | D:1      | Gained mutation: Your movements are less encumbered by armour (ER -4). [demonic ancestry]
   629 | D:1      | Reached XP level 3. HP: 27/29 MP: 3/3
  1372 | D:2      | Reached skill level 5 in Unarmed Combat
  1503 | D:2      | Found a white marble altar of Elyvilon.
  1842 | D:2      | Found a bloodstained altar of Trog.
  2081 | D:3      | Reached XP level 4. HP: 35/35 MP: 4/4
  2378 | D:3      | Found a stormy altar of Qazlal.
  2446 | D:3      | Found a glowing golden altar of the Shining One.
  2446 | D:3      | Found a radiant altar of Vehumet.
  2961 | D:4      | Noticed an ogre
  2961 | D:4      | Noticed Utsuho's ghost (amateur TrSu)
  2983 | D:4      | Killed an ogre
  2983 | D:4      | Reached skill level 6 in Unarmed Combat
  2983 | D:4      | Reached XP level 5. HP: 39/41 MP: 5/5
  3005 | D:4      | Slain by Utsuho's ghost

Skill      XL: |  1  2  3  4 |
---------------+-------------+-----
Unarmed Combat | 4 5 6 |  6.3
Fighting       | |  3.0
Dodging        | |  2.6
Stealth        | |  1.7

Action                   |  1- 3 |  4- 6 || total
-------------------------+-------+-------++-------
Melee: Unarmed           |   161 |    82 ||   243
       Punch             |     1 |       ||     1
  Use: Scroll            |     2 |       ||     2
       Potion            |       |     1 ||     1
 Stab: Sleeping          |     5 |     2 ||     7
  Eat: Chunk             |     3 |     4 ||     7
Armor: Robe              |    39 |     2 ||    41
       Ring mail         |       |    23 ||    23
Dodge: Dodged            |   133 |    40 ||   173
